 Dungeon Crawl Stone Soup version 0.29-a0-845-g6161e89988 (webtiles) character file.

Game seed: 16641597300614440648

18655 buhh the Transmogrifier (level 13, -5/135 HPs)
             Began as a Meteoran Transmuter on July 15, 2022.
             Was a Priest of Ru.
             Shot with an arrow by Nessos (11 damage)
             ... while petrified by a basilisk
             ... on level 4 of the Lair of Beasts.
             The game lasted 00:32:32 (4919 turns).

buhh the Transmogrifier (Meteoran Transmuter)       Turns: 4919, Time: 00:32:33

Health: -5/135     AC: 10    Str: 13    XL:     13   Next: 25%
Magic:  18/18      EV:  1    Int: 19    God:    Ru [***...]
Gold:   495        SH:  0    Dex: 21    Spells: 6/17 levels left

rFire   x . .      SeeInvis .     - Unarmed
rCold   + + +      Faith    .   (shield unavailable)
rNeg    + + +      Spirit   .   (body armour currently unavailable)
rPois   ∞          Reflect  .   (helmet currently unavailable)
rElec   .          Harm     .   (cloak currently unavailable)
rCorr   .          Rampage  .   (gloves currently unavailable)
Will    +....                   (boots currently unavailable)
Stlth   ..........              f - amulet of regeneration
HPRegen 1.12/turn               (ring unavailable)
MPRegen 0.16/turn               x - +6 ring of dexterity

@: lethally poisoned (-5 -> -5), ice-form (expiring), petrified, glowing
A: freezing attack, amphibious, boosted hp, large, sense surroundings 2, missing
a hand, no stealth, otherworldly, glowing, explore regen
a: End Transformation, Renounce Religion, Draw Out Power


You were on level 4 of the Lair of Beasts.
You worshipped Ru.
Ru was most pleased with you.
You were a creature of crystalline ice.
You visited 3 branches of the dungeon, and saw 13 of its levels.
You also visited: Sewer.

You collected 539 gold pieces.
You spent 44 gold pieces at shops.

Inventory:

Hand Weapons
 P - the +8 war axe "Lepporr" {elec, *Rage rElec rPois rF+}
   (You found it on level 2 of the Lair of Beasts)

   It occasionally discharges a powerful burst of electricity upon striking a
   foe.
   rF:        It protects you from fire.
   rElec:     It insulates you from electricity.
   rPois:     It protects you from poison.
   *Rage:     It berserks you when you make melee attacks (+20% chance).
Armour
 a - a +0 robe (melded)
 H - a +1 hat of stealth (melded)
Magical Staves
 o - a staff of cold
Jewellery
 f - an amulet of regeneration (around neck)
 g - a ring of wizardry
 j - an amulet of guardian spirit
 x - a +6 ring of dexterity (right front paw)
 J - a ring of flight
 M - a ring of ice
Wands
 B - a wand of acid (7)
 D - a wand of paralysis (4)
 E - a wand of flame (32)
 L - a wand of roots (11)
Scrolls
 b - 4 scrolls of amnesia {unknown}
 c - a scroll of silence {unknown}
 i - a scroll of torment {unknown}
 k - 3 scrolls of enchant armour {unknown}
 m - a scroll of fog {unknown}
 p - 6 scrolls of teleportation {unknown}
 s - 2 scrolls of fear {unknown}
 t - 5 scrolls of identify {unknown}
 v - 2 scrolls of noise {unknown}
 C - 3 scrolls of enchant weapon {unknown}
 F - 2 scrolls of immolation {unknown}
 K - 2 scrolls of blinking {unknown}
 N - a scroll of magic mapping {unknown}
Potions
 d - a potion of degeneration {unknown}
 h - 4 potions of brilliance {unknown}
 l - 3 potions of resistance {unknown}
 n - 3 potions of lignification {!d}
 q - a potion of mutation {unknown}
 r - 3 potions of cancellation {unknown}
 u - a potion of ambrosia {unknown}
 w - 2 potions of heal wounds {!d}
 y - 5 potions of haste {!q}
 z - 2 potions of curing {unknown}
 A - a potion of magic {unknown}
 G - 2 potions of might {unknown}
 I - 3 potions of flight {unknown}
Miscellaneous
 O - a condenser vane (inert)


   Skills:
 + Level 9.9 Fighting
 - Level 8.3 Dodging
 + Level 11.3 Unarmed Combat
 - Level 2.7 Spellcasting
 - Level 5.0 Translocations
 * Level 14.1 Transmutations
 - Level 8.5 Ice Magic


You had 6 spell levels left.
You knew the following spells:

 Your Spells              Type           Power      Damage    Failure   Level
a - Beastly Appendage     Tmut           100%       N/A       1%          1
b - Wereblood             Tmut           54%        N/A       1%          2
c - Spider Form           Tmut/Pois      29%        N/A       2%          3
d - Ice Form              Ice/Tmut       45%        N/A       1%          4
e - Apportation           Tloc           42%        N/A       1%          1

Your spell library contained the following spells:

 Spells                   Type           Power      Damage    Failure   Level
 Necrotise                Necr           8%         1d4       16%         1
 Summon Small Mammal      Summ           8%         N/A       16%         1
 Poisonous Vapours        Pois/Air       4%         N/A       24%         2
 Dazzling Flash           Conj/Hex       4%         N/A       43%         3
 Iskenderun's Mystic Bla  Conj/Tloc      12%        2d5       50%         4
 Animate Dead             Necr           2%         N/A       83%         4
 Corpse Rot               Necr/Pois/Air  2%         N/A       83%         4
 Olgreb's Toxic Radiance  Pois           2%         N/A       83%         4
 Borgnjor's Vile Clutch   Necr/Erth      1%         N/A       99%         5
 Death Channel            Necr           1%         N/A       100%        6
 Starburst                Conj/Fire      1%         6d3       100%        6
 Ozocubu's Refrigeration  Ice            17%        4d8       99%         7
 Ignition                 Fire           1%         3d3       100%        8


Dungeon Overview and Level Annotations

Branches:
Dungeon (8/15) Zot: 1603   Temple (1/1) D:5 Zot: 490    Lair (4/6) D:8 Zot: 1304
 Shoals (0/4) Lair:3        Snake (0/4) Lair:2        Sewer (visited)

Altars:
Ashenzari
Elyvilon
Fedhas
Gozag
Hepliaklqana
Kikubaaqudgha
Makhleb
Nemelex Xobeh
Okawaru
Qazlal
Ru
Vehumet
Wu Jian
Xom
Zin
The Shining One
Jiyva

Shops:
D:3 *

Annotations:
Lair:4 Nessos


Innate Abilities, Weirdness & Mutations

You are a creature of crystalline ice.
You have a powerful freezing melee attack.
You are amphibious.
Your maximum health is increased.
You are immune to poison.
Your armour is entirely melded.
You are incapable of wielding weapons or throwing items.
You passively map the area around you.
You are missing a hand.
You cannot be stealthy.
You are easily found by Zot.
You glow in the dark.
You regain HP and MP as you explore.


Message History

The arrow melts you.
* * * LOW HITPOINT WARNING * * *
The water moccasin bites you.
* * * LOW HITPOINT WARNING * * *
The basilisk is engulfed in poison gas.
The basilisk looks as sick as possible!
Nessos is engulfed in poison gas.
Nessos looks as sick as possible!
Nessos is stunned by your conviction and fails to attack.
The water moccasin is stunned by your conviction and fails to attack.
Nessos is engulfed in poison gas.
Nessos looks as sick as possible!
The water moccasin bites you!
* * * LOW HITPOINT WARNING * * *
The basilisk is engulfed in poison gas.
The basilisk looks as sick as possible!
Nessos is engulfed in poison gas.
Nessos looks as sick as possible!
Nessos shoots an arrow.
The arrow barely misses the water moccasin.
The arrow hits you!
* * * LOW HITPOINT WARNING * * *
The arrow melts you.
* * * LOW HITPOINT WARNING * * *
Nessos is no longer blind.
Nessos is engulfed in poison gas.
Nessos looks as sick as possible!
The water moccasin bites you but does no damage.
The basilisk is engulfed in poison gas.
The basilisk looks as sick as possible!
Nessos is engulfed in poison gas.
Nessos looks as sick as possible!
Nessos casts a spell.
Nessos blinks!
The water moccasin bites you but does no damage.
Nessos is engulfed in poison gas.
Nessos looks as sick as possible!
Nessos is engulfed in poison gas.
Nessos looks as sick as possible!
Nessos shoots an arrow.
The arrow hits you!
* * * LOW HITPOINT WARNING * * *
The arrow melts you.
* * * LOW HITPOINT WARNING * * *
You focus your inner power and illuminate Nessos in retribution!
The water moccasin completely misses you.
The basilisk is engulfed in poison gas.
The basilisk looks as sick as possible!
Your transformation is almost over.
Nessos is engulfed in poison gas.
Nessos looks as sick as possible!
Nessos shoots an arrow.
The arrow hits you!!
You die...

###$.# #.....## * ,,
#.##§°###⌠○§○⌠.# ,
###.#.§§##§.§§.# , ,,
##PP..§§.§§#○⌠§## * ,
###.....☼§○§○#☼§#§#### ,,
#.#.......§§§.°☼§☼○§§#
*,,, ,
#..........#§○○☼§§§§○## *
##.........###§.§☼☼§§.# *
#...††.....# #○Y§☼§§☼§§ *
*
##.†.....####§○§S☼.§°°○,
##.....#.# #§§c§§°§○○.,
###......####§§§§°☼☼☼§○☼
.#......## #°§○§°○§§§§☼○,
* ....P##.#
#§§§l☼§§§§§☼§. ,
..########☼○§§.○☼☼○§☼○§§,
†## *°○§§§°°○§☼☼§§○○ .#
** ,, ,, ,


You could see Nessos (fast, extremely poisoned, corona), a basilisk (petrified,
extremely poisoned) and a water moccasin.

Vanquished Creatures
  Gastronok (D:8)
  3 hydras
  A two-headed ogre (D:8)
  A lindwurm (Lair:3)
  A cyclops (D:8)
  6 elephants (Lair:2)
  6 cane toads
  A rime drake (Lair:2)
  4 komodo dragons
  A hornet (D:7)
  9 blink frogs
  A shadow (D:8)
  Sigmund (D:4)
  18 yaks
  2 wyverns
  A basilisk (Lair:4)
  2 nagas (Lair:2)
  9 water moccasins
  2 black bears
  An ogre (D:5)
  9 wolves
  6 bullfrogs
  4 kobold brigands
  A necrophage (D:8)
  4 scorpions
  2 gnoll sergeants
  A howler monkey (D:8)
  5 jellies
  7 hounds
  4 iguanas
  7 orc wizards
  12 gnolls
  A river rat (Sewer)
  15 adders
  3 white imps
  An ufetubus (D:6)
  3 worms
  A dart slug (D:3)
  22 orcs
  7 bats
  5 endoplasms
  5 giant cockroaches
  6 goblins
  8 hobgoblins
  8 jackals
  3 quokkas
  7 ball pythons
  4 frilled lizards (D:1)
  14 kobolds
  7 rats
253 creatures vanquished.

Vanquished Creatures (others)
  A kobold (D:4)
  8 fungi
  6 plants
15 creatures vanquished.

Grand Total: 268 creatures vanquished

Notes
Turn   | Place    | Note
-------+----------+-------------------------------------------
     0 | D:1      | buhh the Meteoran Transmuter began the quest for the Orb.
     0 | D:1      | Reached XP level 1. HP: 16/16 MP: 5/5
    85 | D:1      | Reached XP level 2. HP: 23/23 MP: 6/6
   260 | D:1      | Learned a level 2 spell: Wereblood
   373 | D:2      | Reached XP level 3. HP: 29/29 MP: 6/8
   385 | D:2      | Learned a level 3 spell: Spider Form
   440 | D:2      | Reached XP level 4. HP: 29/37 MP: 7/9
   464 | D:3      | Found a broken altar of Ashenzari.
   499 | D:3      | Found Beanabec's General Store.
   519 | D:3      | Bought a scroll of poison for 44 gold pieces
   610 | D:3      | Found a glowing drain.
   638 | Sewer    | Entered a sewer
   663 | Sewer    | Reached XP level 5. HP: 44/44 MP: 7/10
   777 | Sewer    | Reached skill level 5 in Unarmed Combat
   786 | Sewer    | Noticed a kobold brigand
   796 | Sewer    | Killed a kobold brigand
   797 | Sewer    | Reached XP level 6. HP: 41/52 MP: 8/11
  1029 | Sewer    | Glimpsed the power of Zot.
  1054 | Sewer    | Reached skill level 3 in Transmutations
  1054 | Sewer    | Reached skill level 1 in Ice Magic
  1058 | Sewer    | Reached XP level 7. HP: 59/59 MP: 9/12
  1334 | D:2      | Learned a level 1 spell: Apportation
  1341 | D:2      | Learned a level 4 spell: Ice Form
  1468 | D:2      | Found a faded altar of an unknown god.
  1493 | D:2      | You fall into a shaft and drop 1 floor!
  1694 | D:4      | Found an iron altar of Okawaru.
  1711 | D:4      | Reached skill level 1 in Translocations
  1929 | D:4      | Reached skill level 4 in Transmutations
  1988 | D:5      | Entered Level 5 of the Dungeon
  2074 | D:4      | You fall into a shaft and drop 1 floor!
  2093 | D:5      | Reached XP level 8. HP: 66/66 MP: 7/13
  2231 | D:4      | Noticed Sigmund
  2240 | D:4      | Killed Sigmund
  2319 | D:5      | Found a staircase to the Ecumenical Temple.
  2354 | Temple   | Entered the Ecumenical Temple
  2451 | Temple   | Became a worshipper of Ru the Awakened
  2614 | D:5      | Reached skill level 5 in Transmutations
  2704 | D:5      | Gained mutation: You passively map the area around you.
                  | [Meteoran growth]
  2704 | D:5      | Reached XP level 9. HP: 61/73 MP: 8/14
  2744 | D:6      | Reached skill level 5 in Dodging
  2783 | D:6      | Reached skill level 5 in Fighting
  2888 | D:6      | Reached skill level 6 in Transmutations
  2921 | D:8      | Found a viscous altar of Jiyva.
  2952 | D:6      | Reached skill level 5 in Translocations
  2952 | D:6      | Reached skill level 5 in Ice Magic
  3187 | D:6      | Gained mutation: You are missing a hand. [Ru sacrifice]
  3187 | D:6      | Reached * piety under Ru
  3187 | D:6      | Reached ** piety under Ru
  3187 | D:6      | Reached *** piety under Ru
  3501 | D:7      | Noticed a hornet
  3504 | D:7      | Paralysed by a hornet for 1 turns
  3506 | D:7      | Killed a hornet
  3579 | D:8      | Reached skill level 7 in Transmutations
  3579 | D:8      | Reached XP level 10. HP: 83/83 MP: 15/15
  3594 | D:8      | Noticed Gastronok
  3612 | D:8      | Killed Gastronok
  3613 | D:8      | Reached skill level 8 in Transmutations
  3639 | D:8      | Noticed a two-headed ogre
  3646 | D:8      | Noticed a cyclops
  3667 | D:8      | Killed a two-headed ogre
  3686 | D:8      | Reached XP level 11. HP: 91/91 MP: 16/16
  3693 | D:8      | Found a sparkling altar of Nemelex Xobeh.
  3737 | D:8      | Reached skill level 9 in Transmutations
  3752 | D:8      | Killed a cyclops
  3769 | D:8      | Found a staircase to the Lair.
  3778 | Lair:1   | Entered Level 1 of the Lair of Beasts
  3872 | Lair:2   | Noticed an elephant
  3872 | Lair:2   | Noticed an elephant
  3872 | Lair:2   | Noticed an elephant
  3873 | Lair:2   | Noticed an elephant
  3873 | Lair:2   | Noticed an elephant
  3902 | Lair:1   | Reached skill level 10 in Transmutations
  4146 | Lair:2   | Found a staircase to the Snake Pit.
  4174 | Lair:2   | Reached skill level 11 in Transmutations
  4215 | Lair:2   | Reached XP level 12. HP: 101/101 MP: 11/17
  4247 | Lair:2   | Identified the +8 war axe "Lepporr" {elec, *Rage rElec
                  | rPois rF+}
  4260 | Lair:2   | Noticed an eight-headed hydra
  4268 | Lair:2   | Killed an eight-headed hydra
  4402 | Lair:2   | Reached skill level 10 in Unarmed Combat
  4402 | Lair:2   | Reached skill level 12 in Transmutations
  4466 | Lair:2   | Noticed a five-headed hydra
  4479 | Lair:2   | Killed a five-headed hydra
  4543 | Lair:3   | Reached skill level 13 in Transmutations
  4725 | Lair:3   | Noticed a lindwurm
  4740 | Lair:3   | Killed a lindwurm
  4741 | Lair:3   | Reached XP level 13. HP: 107/111 MP: 18/18
  4762 | Lair:4   | Noticed a seven-headed hydra
  4776 | Lair:4   | Killed a seven-headed hydra
  4838 | Lair:4   | Gained mutation: You cannot be stealthy. [Ru sacrifice]
  4884 | Lair:4   | Reached skill level 14 in Transmutations
  4908 | Lair:4   | Noticed Nessos
  4918 | Lair:4   | HP: 5/135 [Nessos/arrow (3)]
  4919 | Lair:4   | Shot with an arrow by Nessos

Illustrated notes

Levels and vault maps discovered:
D:1:      mrwooster_arrival_statue_2, layout_basic, fountainhead
D:2:      layout_basic, hellmonk_ecumenical_altar_leap_of_faith
D:3:      layout_loops_ring, mainiacjoe_overflow_cross_hatched, serial_shops,
          nicolae_shop_competitors_out_of_business, gup_sewer_entry_glass
D:4:      layout_loops_cross, okawaru_metal_pillars_3, minmay_misc_feat_iff,
          uniq_sigmund
D:5:      layout_basic, nicolae_uskayaw_dance_hall, temple_doors_e
D:6:      layout_basic
D:7:      layout_rooms
D:8:      minmay_curly_fans, layout_rooms, mainiacjoe_overflow_brackets,
          tgw_trog, lemuel_crystal_altar, lair_entry_dummy, jiyva_altar_1,
          uniq_gastronok
Temple:   nicolae_temple_bog_church
Lair:1:   layout_hall_layers, grunt_megastairs_1
Lair:2:   layout_roguey, minmay_snake_entry_guardpost_small, grunt_megastairs_5,
          serial_bayou_shore_a
Lair:3:   regret_index_combs_of_tragedy, layout_gridlike,
          elwin_shoals_entry_stream, chequers_serial_rivers_small_3
Lair:4:   layout_cave_pods, grunt_megastairs_3, uniq_nessos

Skill      XL: |  1  2  3  4  5  6  7  8  9 10 11 12 13 |
---------------+----------------------------------------+-----
Unarmed Combat | 4 5 6 7 8 9 10 11 | 11.3
Fighting       | 2 3 4 5 6 8 9 |  9.9
Dodging        | 3 4 5 6 8 |  8.3
Transmutations | 3 4 5 7 8 11 13 14 | 14.1
Ice Magic      | 1 2 4 5 7 8 |  8.5
Translocations | 2 3 5 |  5.0
Spellcasting   | |  2.7

Action                   |  1- 3 |  4- 6 |  7- 9 | 10-12 | 13-15 || total
-------------------------+-------+-------+-------+-------+-------++-------
Melee: Unarmed           |    47 |   145 |   316 |   242 |    58 ||   808
       Headbutt          |     3 |       |       |       |       ||     3
       Kick              |     2 |       |       |       |       ||     2
       Punch             |       |     1 |     4 |       |       ||     5
 Cast: Beastly Appendage |     9 |       |       |       |       ||     9
       Spider Form       |     2 |    19 |    37 |     3 |       ||    61
       Ice Form          |       |       |     8 |    20 |     3 ||    31
       Apportation       |       |       |    14 |    15 |     1 ||    30
       Wereblood         |       |       |     3 |     6 |     1 ||    10
Invok: Sacrifice a Hand  |       |       |     1 |       |       ||     1
       Sacrifice Stealth |       |       |       |       |     1 ||     1
 Abil: End Transformatio |       |       |       |     2 |       ||     2
Evoke: Wand              |       |       |       |    11 |       ||    11
       Condenser vane    |       |       |       |     1 |       ||     1
  Use: Potion            |       |       |     1 |     3 |     1 ||     5
       Scroll            |       |       |       |     3 |     2 ||     5
 Stab: Invisible         |       |       |     1 |       |     1 ||     2
       Distracted        |       |       |     1 |       |       ||     1
       Paralysed         |       |       |       |     5 |       ||     5
       Confused          |       |       |       |     4 |       ||     4
Armor: Robe              |    16 |     3 |    14 |       |       ||    33
       Skin              |     2 |    12 |    49 |    62 |    15 ||   140
Dodge: Dodged            |    38 |    94 |   267 |   115 |    42 ||   556

Table legend: (Time is in decaauts)
 A = Elapsed time spent in this place.
 B = Non-inter-level travel time spent in this place.
 C = Inter-level travel time spent in this place.
 D = Time resting spent in this place.
 E = Time spent auto-exploring this place.
 F = Levels seen in this place.
 G = Mean time per level.
                   A        B        C        D        E       F      G
               +--------+--------+--------+--------+--------+-----+--------+
         Total |   4935 |   4903 |     32 |     20 |      2 |  14 |  352.5 |
       Dungeon |   3196 |   3164 |     32 |     14 |      2 |   8 |  399.5 |
        Temple |    109 |    109 |      0 |      0 |      0 |   1 |  109.0 |
          Lair |   1095 |   1095 |      0 |      6 |      0 |   4 |  273.8 |
         Sewer |    534 |    534 |      0 |      0 |      0 |   1 |  534.0 |
               +--------+--------+--------+--------+--------+-----+--------+

Top non-repeatable levels by time:
     D:3: 561 daAuts
   Sewer: 534 daAuts
     D:6: 521 daAuts
     D:4: 505 daAuts
     D:5: 455 daAuts
     D:1: 364 daAuts
  Lair:1: 347 daAuts
  Lair:2: 333 daAuts
     D:7: 295 daAuts
     D:2: 294 daAuts
  Lair:3: 260 daAuts
     D:8: 198 daAuts
  Lair:4: 153 daAuts
  Temple: 109 daAuts
